 Dungeon Crawl Stone Soup version 0.32-a0-913-g739538afd8 (webtiles) character file.

Game seed: 6523183231786402196

464 pokedragonboy the Covered (level 6, -2/52 HPs)
             Began as an Armataur Fighter on Apr 9, 2024.
             Splashed by a jelly's acid (10 damage)
             ... on level 4 of the Dungeon.
             The game lasted 00:04:22 (3210 turns).

pokedragonboy the Covered (Armataur Fighter)        Turns: 3210, Time: 00:04:22

Health: -2/52      AC: -3    Str: 24    XL:     6   Next: 80%
Magic:  6/6        EV:  6    Int: 11    God:
Gold:   110        SH:  4    Dex:  9    Spells: 5/5 levels left

rFire   . . .        a - +0 war axe
rCold   . . .        c - +0 buckler
rNeg    . . .        b - +0 scale mail
rPois   .            h - +2 helmet {Int+3}
rElec   .            l - +0 cloak
rCorr   .            (no gloves)
SInv    .            (no barding)
Will    .....        j - amulet of faith Stlth
                     (no ring)
HPRegen 0.28/turn    (no ring)
MPRegen 0.10/turn

%: roll, faith
@: corroded
A: large, deformed body, tough skin 3, armoured tail, rollpage 1
a: no special abilities


You were on level 4 of the Dungeon.
You visited 1 branch of the dungeon, and saw 4 of its levels.

You collected 110 gold pieces.

Inventory:

Hand Weapons
 a - a +0 war axe (weapon)
Armour
 b - a +0 scale mail (worn)
 c - a +0 buckler (worn)
 h - a +2 helmet of intelligence (worn)
 l - a +0 cloak (worn)
Jewellery
 j - an amulet of faith (around neck)
Talismans
 e - a flux talisman
Scrolls
 f - a scroll of identify
 i - a scroll of fog {unknown}
 m - a scroll of teleportation {unknown}
 n - a scroll of amnesia
 o - a scroll of blinking {unknown}
 p - a scroll of fear {unknown}
 q - 2 scrolls of noise {unknown}
Potions
 d - 2 potions of berserk rage
 g - 4 potions of curing
 k - 4 potions of enlightenment
 r - a potion of haste {unknown}
 s - a potion of lignification {unknown}
 t - a potion of invisibility {unknown}


   Skills:
 + Level 4.2 Fighting
 * Level 4.4 Axes
 + Level 5.5 Armour
 - Level 3.2 Shields


You had 5 spell levels left.
You didn't know any spells.
Your spell library contained the following spells:

 Spells                   Type           Power      Damage    Failure   Level
 Apportation              Tloc           0%         N/A       69%         1
 Jinxbite                 Hex            0%         N/A       83%         2
 Alistair's Intoxication  Alch           0%         N/A       100%        5


Dungeon Overview and Level Annotations

Branches:
Dungeon (4/15)
 Temple: D:4-7

Altars:


Innate Abilities, Weirdness & Mutations

Armour fits poorly on your strangely shaped body.
You have extremely tough skin. (AC +3)
You have a long armoured tail.
You regenerate magic when rolling toward enemies. (Rampage MPRegen)


Message History

Found a robe.
The dart slug launches a dart at you. The slug dart hits you.
You hit the jelly.
Your hands burn!
The jelly is moderately wounded.
The jelly barely misses you.
You hit the jelly but do no damage. The acid corrodes you!
Your hands burn!
The jelly is moderately wounded.
The jelly closely misses you. The jelly hits you but does no damage.
You barely miss the jelly.
The jelly is moderately wounded.
You block the jelly's attack.
You hit the jelly.
Your hands burn!
The jelly is moderately wounded.
The jelly hits you but does no damage.
Unknown command.
You hit the jelly but do no damage.
Your hands burn!
The jelly is moderately wounded.
You hit the dart slug. The jelly hits you but does no damage.
The dart slug launches a dart at you.
The slug dart hits you but does no damage.
The jelly hits you but does no damage. The dart slug bites you.
You hit the jelly. The acid corrodes you!
Your hands burn!
The jelly is heavily wounded.
You hit the dart slug. The jelly hits you. The acid corrodes you!
You are splashed with acid!
Unknown command.
You hit the jelly but do no damage.
Your hands burn!
* * * LOW HITPOINT WARNING * * *
The jelly is heavily wounded.
You hit the dart slug but do no damage. The dart slug bites you.
* * * LOW HITPOINT WARNING * * *
The jelly hits you.
* * * LOW HITPOINT WARNING * * *
The acid corrodes you!
You are splashed with acid.
* * * LOW HITPOINT WARNING * * *
You feel better. The jelly hits you.
* * * LOW HITPOINT WARNING * * *
You are splashed with acid!
You die...

##.~≈≈~#≈~.##
##~≈≈≈≈~≈≈~~≈###
#≈≈≈≈≈.(.#≈≈~~..
.≈≈≈≈#..~.~≈≈~.#
≈≈≈≈≈#~.~~~~≈~~#
≈≈≈≈≈~~.†≈≈≈~~~~
~≈~~~~⌠.⌠~≈~~~~~
≈~~≈≈~. ..
w#≈~≈~~~.####
.##~~.≈~#.[


You could see a jelly and 3 dart slugs.

Vanquished Creatures
  Sigmund (D:2)
  A scorpion (D:3)
  2 bombardier beetles (D:3)
  An iguana (D:4)
  2 orc wizards
  3 adders
  4 dart slugs (D:4)
  A ribbon worm (D:2)
  12 orcs
  8 endoplasms
  3 giant cockroaches
  3 goblins
  6 hobgoblins
  A jackal (D:3)
  4 kobolds
  A quokka (D:3)
  9 ball pythons
  2 bats
  A frilled lizard (D:1)
  3 rats
68 creatures vanquished.

Notes
Turn   | Place    | Note
-------+----------+-------------------------------------------
     0 | D:1      | pokedragonboy the Armataur Fighter began the quest for the
                  | Orb.
     0 | D:1      | Reached XP level 1. HP: 18/18 MP: 1/1
   307 | D:1      | Reached XP level 2. HP: 25/25 MP: 2/2
   379 | D:1      | Found a faded altar of an unknown god.
   948 | D:2      | Reached skill level 4 in Armour
   995 | D:2      | Reached XP level 3. HP: 31/31 MP: 3/3
  1179 | D:2      | Noticed Sigmund
  1191 | D:2      | Killed Sigmund
  1192 | D:2      | Reached XP level 4. HP: 17/39 MP: 4/4
  1192 | D:2      | Reached XP level 5. HP: 19/45 MP: 5/5
  1939 | D:3      | Reached skill level 5 in Armour
  2308 | D:3      | Reached XP level 6. HP: 52/52 MP: 6/6
  3210 | D:4      | Splashed by a jelly's acid

Illustrated notes

Levels and vault maps discovered:
D:1:      ebering_hopf_link, layout_loops_ring,
          shapermc_ecumenical_altar_mp_ritualfount
D:2:      layout_loops_corners, uniq_sigmund
D:3:      layout_basic, serial_glass, glass_columns_c, glass_columns_a,
          item_on_display_a, feat_on_display, st_stairs_13, minmay_circle_x
D:4:      kennysheep_slugbush, layout_loops_ring, general_overflow_altar,
          serial_shops, shop, nicolae_shop_rolling_square, shop, shop, shop,
          minmay_misc_feat_iff

Skill      XL: |  1  2  3  4  5  6 |
---------------+-------------------+-----
Axes           | 2 3 4 |  4.4
Fighting       | 3 4 |  4.2
Armour         | 4 5 |  5.5
Shields        | |  3.2

Action                     |  1- 3 |  4- 6 || total
---------------------------+-------+-------++-------
  Melee: War axe           |    66 |    92 ||   158
         Tailslap          |     6 |     9 ||    15
    Use: Potion            |     1 |     2 ||     3
         Scroll            |       |     5 ||     5
 Armour: Scale mail        |    41 |    87 ||   128
  Dodge: Dodged            |    22 |    35 ||    57
  Block: Buckler           |     7 |    18 ||    25

Table legend: (Time is in decaauts)
 A = Elapsed time spent in this place.
 B = Non-inter-level travel time spent in this place.
 C = Inter-level travel time spent in this place.
 D = Time resting spent in this place.
 E = Time spent auto-exploring this place.
 F = Levels seen in this place.
 G = Mean time per level.
                   A        B        C        D        E       F      G
               +--------+--------+--------+--------+--------+-----+--------+
         Total |   3273 |   3093 |    180 |    497 |   2117 |   4 |  818.2 |
       Dungeon |   3273 |   3093 |    180 |    497 |   2117 |   4 |  818.2 |
               +--------+--------+--------+--------+--------+-----+--------+

Top non-repeatable levels by time:
     D:2: 1314 daAuts
     D:3: 1113 daAuts
     D:1: 699 daAuts
     D:4: 146 daAuts
